AoeStats
← 布丁

Black Forest

503783082Analyzed
4v4 RM · 1mo ago on Sep 2, 2026· 53m 49s· 8 players
Game mode
Random Map
Map size
Large (8 player)
Population
200
Speed
Normal
Resources
Standard
Victory
Conquest
Starting age
Dark Age
Ending age
Imperial Age
RankedLock teamsTeams togetherTeam positionsShared explorationLock speedFull tech treeHidden civsTurbo modeCheats
Victory
Defeat
🇮🇹 Goths · Italy
1089
+13
🇹🇼 Ethiopians · Taiwan
1071
+14
🇨🇳 Poles · China
1060
+14
🇨🇳 Magyars · China
885
+22
🇫🇷 Malay · France
1118
-20
🇵🇱 Hindustanis · Poland
1060
-18
🇨🇳 Turks · China
971
-13
🇹🇼 Goths · Taiwan
952
-35
MLT | Bombad Gastald
0:36 Loom
16:19 Feudal Age
16:51 Man-at-Arms
24:13 Castle Age
22:45 Double-Bit Axe
24:50 Scale Mail Armor
24:35 Horse Collar
27:29 Wheelbarrow
26:56 Long Swordsman
27:36 Squires
34:02 Bow Saw
终似少年游
11:13 Feudal Age
13:34 Double-Bit Axe
16:55 Castle Age
17:01 Horse Collar
24:20 Wheelbarrow
25:17 Bow Saw
29:55 Hand Cart
29:42 Stone Mining
29:42 Gold Mining
29:58 Heavy Plow
33:14 Imperial Age
31:59 Bloodlines
31:52 Husbandry
31:50 Treadmill Crane
32:05 Murder Holes
32:21 Masonry
34:37 Corvinian Army
34:59 Conscription
34:29 Light Cavalry
36:00 Scale Mail Armor
36:06 Scale Barding Armor
36:02 Padded Archer Armor
35:53 Fletching
36:29 Ballistics
37:09 Chemistry
36:58 Crop Rotation
36:29 Hussar
37:17 Elite Magyar Huszar
39:25 Chain Mail Armor
45:04 Parthian Tactics
44:45 Thumb Ring
44:01 Heavy Cavalry Archer
46:49 Chain Barding Armor
46:45 Leather Archer Armor
46:26 Bodkin Arrow
49:54 Plate Barding Armor
49:50 Ring Archer Armor
49:21 Bracer
阿西吧
0:28 Loom
12:18 Feudal Age
14:51 Fishing Lines
18:00 Castle Age
16:18 Double-Bit Axe
16:44 Horse Collar
17:54 Stone Mining
20:04 Bow Saw
19:52 Gold Mining
23:50 Szlachta Privileges
25:28 Bloodlines
28:00 Husbandry
28:07 Scale Barding Armor
29:30 Chain Barding Armor
31:11 Forging
33:12 Wheelbarrow
32:22 Town Watch
32:13 Light Cavalry
38:07 Imperial Age
37:17 Scale Mail Armor
37:19 Squires
36:40 Pikeman
38:35 Chain Mail Armor
39:09 Stone Shaft Mining
39:16 Conscription
38:21 Cavalier
39:46 Hand Cart
39:26 Gillnets
40:49 Plate Mail Armor
40:55 Iron Casting
41:10 Heavy Plow
41:54 Elite Obuch
43:37 Blast Furnace
43:10 Winged Hussar
46:04 Fletching
46:16 Padded Archer Armor
47:54 Lechitic Legacy
50:33 Crop Rotation
50:03 Bodkin Arrow
51:57 Coinage
54:16 Banking
53:49 Caravan
54:52 Chemistry
54:13 Ballistics
29
11:52 Feudal Age
11:39 Loom
16:30 Castle Age
14:54 Double-Bit Axe
19:01 Bow Saw
19:50 Wheelbarrow
25:37 Horse Collar
29:55 Imperial Age
27:50 Heavy Plow
28:04 Caravan
28:46 Hand Cart
28:50 Gold Mining
30:16 Town Watch
32:03 Chemistry
32:09 Conscription
31:52 Torsion Engines
33:03 Two-Man Saw
33:35 Siege Engineers
34:19 Heavy Scorpion
36:14 Town Patrol
WES.007
0:43 Loom
16:10 Feudal Age
20:15 Double-Bit Axe
24:38 Castle Age
22:57 Stone Mining
23:35 Gold Mining
23:30 Horse Collar
23:57 Town Watch
32:03 Imperial Age
30:53 Wheelbarrow
35:33 Gold Shaft Mining
42:58 Heavy Camel Rider
43:48 Bloodlines
43:39 Husbandry
46:56 Conscription
布丁
0:38 Loom
14:00 Feudal Age
15:45 Wheelbarrow
18:22 Castle Age
21:40 Double-Bit Axe
23:09 Bow Saw
22:55 Horse Collar
23:48 Gold Mining
27:21 Hand Cart
27:44 Heavy Plow
27:39 Town Watch
32:16 Imperial Age
29:57 Stone Mining
32:26 Anarchy
32:30 Scale Mail Armor
32:41 Forging
31:55 Pikeman
33:41 Conscription
33:35 Squires
34:30 Chain Mail Armor
35:31 Perfusion
37:03 Stone Shaft Mining
36:00 Halberdier
40:05 Iron Casting
45:44 Onager
AirOne
10:38 Feudal Age
12:34 Loom
15:15 Castle Age
18:35 Double-Bit Axe
20:02 Fishing Lines
23:00 Wheelbarrow
22:30 Horse Collar
23:36 Bow Saw
25:07 Heavy Plow
25:03 Gold Mining
25:17 Gillnets
25:53 Crossbowman
27:35 Gold Shaft Mining
26:51 Stone Mining
27:57 Hand Cart
31:21 Imperial Age
28:57 Fletching
29:35 Padded Archer Armor
30:16 Bodkin Arrow
31:00 Bracer
31:26 Ballistics
31:10 Arbalester
32:20 Thumb Ring
33:36 Stone Shaft Mining
33:25 Leather Archer Armor
35:00 Chemistry
34:06 Siege Engineers
35:54 Treadmill Crane
36:10 Murder Holes
36:32 Forced Levy
36:53 Conscription
38:40 Crop Rotation
39:21 Ring Archer Armor
38:57 Squires
38:42 Arson
38:19 Man-at-Arms
39:45 Town Watch
39:23 Long Swordsman
40:15 Forging
40:45 Town Patrol
40:06 Two-Handed Swordsman
41:14 Masonry
43:50 Iron Casting
45:38 Blast Furnace
44:03 Pikeman
45:46 Halberdier
Helenka
1:27 Loom
11:34 Feudal Age
12:16 Double-Bit Axe
19:08 Castle Age
19:55 Wheelbarrow
25:01 Fishing Lines
25:06 Horse Collar
25:38 Bow Saw
27:39 Caravan
27:41 Gold Mining
27:44 Stone Mining
32:36 Imperial Age
30:30 Hand Cart
30:27 Heavy Plow
31:11 Gold Shaft Mining
31:12 Stone Shaft Mining
30:43 Pikeman
31:24 Squires
31:09 Arson
31:40 Forging
31:30 Scale Mail Armor
33:06 Iron Casting
32:47 Chain Mail Armor
32:38 Scale Barding Armor
32:29 Gillnets
33:06 Heavy Camel Rider
33:57 Bloodlines
33:48 Husbandry
36:31 Chain Barding Armor
37:13 Blast Furnace
36:43 Imperial Camel Rider
40:36 Two-Man Saw
40:16 Plate Barding Armor
41:40 Light Cavalry
43:22 Hussar
Connection lost

Rejoining the realm…

Still unreachable

The connection could not be restored.

Session expired

The server has moved on; the page needs a fresh start.